AoeStats
← Morrión

Fortress

509141390Analyzed
2v2 RM · 8d ago on Sep 25, 2026· 17m 6s· 4 players
Game mode
Random Map
Map size
Normal (6 player)
Population
200
Speed
Normal
Resources
Standard
Victory
Conquest
Starting age
Dark Age
Ending age
Imperial Age
RankedLock teamsTeams togetherTeam positionsShared explorationLock speedFull tech treeHidden civsTurbo modeCheats
Victory
Defeat
🇪🇸 Varangians · Spain
1370
+16
🇪🇸 Danes · Spain
1369
+16
🇯🇵 Spanish · Japan
1418
-18
🇺🇸 Danes · United States
1317
-14
Morrión
7:55 Feudal Age
11:50 Castle Age
9:50 Double-Bit Axe
11:03 Scale Barding Armor
10:52 Horse Collar
12:30 Bloodlines
juanca12
7:33 Feudal Age
11:13 Castle Age
9:21 Double-Bit Axe
9:39 Horse Collar
10:18 Scale Mail Armor
12:29 Chain Mail Armor
12:16 Squires
16:41 Wheelbarrow
16:21 Arson
cory2045
6:56 Feudal Age
8:21 Double-Bit Axe
10:45 Castle Age
8:35 Double-Bit Axe
9:12 Horse Collar
10:29 Wheelbarrow
10:40 Forging
15:14 Arson
16:27 Scale Mail Armor
ggmax
7:07 Feudal Age
8:22 Loom
11:14 Castle Age
9:57 Double-Bit Axe
10:28 Horse Collar
12:43 Bow Saw
Connection lost

Rejoining the realm…

Still unreachable

The connection could not be restored.

Session expired

The server has moved on; the page needs a fresh start.